 Dungeon Crawl Stone Soup version 0.24-a0-582-g4d4af813a0 (webtiles) character file.

Game seed: 10763385100402868030

16 Esekla the Skirmisher (level 2, 0/21 HPs)
             Began as an Octopode Abyssal Knight on Aug 27, 2019.
             Was a Follower of Lugonu.
             Slain by a frilled lizard (3 damage)
             ... on level 1 of the Dungeon.
             The game lasted 00:02:44 (258 turns).

Esekla the Skirmisher (Octopode Abyssal Knight)      Turns: 258, Time: 00:02:45

Health: 0/21       AC:  1    Str: 11    XL:     2   Next: 58%
Magic:  3/3        EV: 13    Int: 14    God:    Lugonu [*.....]
Gold:   7          SH:  0    Dex: 11    Spells: 1/1 levels left

rFire    . . .     SeeInvis .   a - +1 falchion
rCold    . . .     Gourm    .   (no shield)
rNeg     . . .     Faith    .   (helmet restricted)
rPois    .         Spirit   .   (no amulet)
rElec    .         Reflect  .   (no ring)
rCorr    .         Harm     .   (no ring)
MR       .....                  (no ring)
Stlth    ++........             (no ring)
HPRegen  0.07/turn              (no ring)
MPRegen  0.08/turn              (no ring)
                                (no ring)
                                (no ring)

@: no status effects
A: almost no armour, stealthy swim, amphibious, 8 rings, constrict 8, camouflage
1, gelatinous body 1
a: Depart the Abyss, Renounce Religion


You were on level 1 of the Dungeon.
You worshipped Lugonu.
Lugonu was aware of your devotion.
You were not hungry.

You visited 1 branch of the dungeon, and saw 1 of its levels.
You visited the Abyss 1 time.

You collected 7 gold pieces.

Inventory:

Hand Weapons
 a - a +1 falchion (weapon)
Potions
 c - a potion of flight {unknown}
 d - a potion of heal wounds {unknown}
Comestibles
 b - 2 rations


   Skills:
 + Level 3.3 Fighting
 + Level 2.3 Long Blades
 + Level 2.6 Dodging
 + Level 0.4 Stealth
 + Level 2.0 Invocations


You had one spell level left.
You didn't know any spells.
Your spell library was empty.

Dungeon Overview and Level Annotations

Branches:
Dungeon (1/15)

Altars:


Innate Abilities, Weirdness & Mutations

You cannot wear most types of armour.
You are very stealthy in the water. (Stealth+)
You are amphibious.
You can wear up to eight rings at the same time.
You can use your tentacles to constrict eight enemies at once.
Your skin changes colour to match your surroundings (Stealth+).
Your rubbery body absorbs attacks. (AC +1, EV +1)


Message History

The ooze is heavily wounded.
You hit the ooze. Your squeeze misses the ooze.
The ooze is severely wounded.
The ooze hits you but does no damage.
You hit the ooze.
You kill the ooze!
Lugonu accepts your kill.
Found a black potion.
You feel your health improve.
d - a black potion
Found 24 stones.
Found a stone staircase leading down.
A frilled lizard comes into view.
Found a plate armour.
The frilled lizard hisses angrily.
The frilled lizard bites you.
* * * LOW HITPOINT WARNING * * *
You see here a plate armour.
You barely miss the frilled lizard. Your grab misses the frilled lizard.
The frilled lizard bites you.
You die...

#.## .. #..# . ##
##.## .### #..## ...#
##..# ##.#### ##.#
......####### #.#
##..#.......#######.#
...............l@...#
#<#>##..##.##########
######.....# #### #
##†##.##.....
###.....# #
##.##.####
######.....#####
##>#.#.†##.......
...........######


You could see a frilled lizard.

Vanquished Creatures
  An ooze (D:1)
  2 ball pythons (D:1)
  A giant cockroach (D:1)
  A goblin (D:1)
  2 frilled lizards (D:1)
  2 kobolds (D:1)
  6 rats (D:1)
15 creatures vanquished.

Notes
Turn   | Place    | Note
-------+----------+-------------------------------------------
     0 | Abyss:1  | Esekla the Octopode Abyssal Knight began the quest for the
                  | Orb.
     0 | Abyss:1  | Reached XP level 1. HP: 16/16 MP: 2/2
    23 | Abyss:1  | Noticed a tentacled starspawn
    72 | Abyss:2  | Noticed a wizard
    73 | Abyss:2  | Noticed a chaos spawn
    83 | Abyss:2  | Noticed an ancient zyme
    86 | Abyss:2  | Noticed an ancient zyme
   103 | Abyss:2  | Noticed a queen bee
   105 | Abyss:2  | Noticed a black bear
   108 | Abyss:2  | Noticed an efreet
   113 | Abyss:2  | Noticed a neqoxec
   119 | Abyss:2  | Noticed a ynoxinul
   122 | D:1      | Escaped the Abyss
   140 | D:1      | Reached * piety under Lugonu
   182 | D:1      | Reached XP level 2. HP: 4/21 MP: 3/3
   258 | D:1      | Slain by a frilled lizard

Levels and vault maps discovered:
D:1:      onia_arrival_handbag, layout_rooms

Action                   || total
-------------------------++-------
Melee: Falchion          ||    23
       Constrict         ||     7
       Tentacles         ||     5
Invok: Depart the Abyss  ||     1
 Stab: Sleeping          ||     5
Armor: Skin              ||     1
Dodge: Dodged            ||    21
       Rpst.: Falchion   ||     5

Table legend:
 A = Non-vault XP
 B = Vault XP
 C = Vault XP percentage of total XP
 D = Non-vault monster count
 E = Vault monster count
 F = Vault count percentage of total count
                 A         B        C        D         E       F
            +---------+---------+-------+---------+---------+-------
      Total |      19 |       5 |  20.8 |      11 |       4 |  26.7
            +---------+---------+-------+---------+---------+-------
        D:1 |      19 |       5 |  20.8 |      11 |       4 |  26.7
            +---------+---------+-------+---------+---------+-------
